 Dungeon Crawl Stone Soup version 0.31-a0-507-gbafd7f5274 (webtiles) character file.

Game seed: 3418480528227483983

222 Fodor the Shield-Bearer (level 5, -1/47 HPs)
             Began as a Minotaur Fighter on Aug 9, 2023.
             Slain by a water moccasin (8 damage)
             ... on level 5 of the Dungeon on Aug 10, 2023.
             The game lasted 00:19:22 (3510 turns).

Fodor the Shield-Bearer (Minotaur Fighter)          Turns: 3510, Time: 00:19:24

Health: -1/47      AC:  7    Str: 22    XL:     5   Next: 66%
Magic:  4/4        EV:  7    Int:  5    God:
Gold:   171        SH: 12    Dex: 10    Spells: 4/4 levels left

rFire   + . .        a - +0 long sword
rCold   . . .        k - +0 tower shield
rNeg    + . .        b - +0 scale mail
rPois   .            (helmet restricted)
rElec   .            (no cloak)
rCorr   .            (no gloves)
SInv    .            (no boots)
Will    .....        o - amulet of the acrobat Stlth
                     j - ring of protection from fire
HPRegen 0.27/turn    s - ring of positive energy
MPRegen 0.09/turn

%: acrobat
@: no status effects
A: horns 2, retaliatory headbutt
a: no special abilities


You were on level 5 of the Dungeon.
You visited 2 branches of the dungeon, and saw 6 of its levels.

You collected 171 gold pieces.

Inventory:

Hand Weapons
 a - a +0 long sword (weapon)
Missiles
 n - 7 poisoned darts (quivered)
 v - 4 atropa-tipped darts
Armour
 b - a +0 scale mail (worn)
 k - a +0 tower shield (worn)
 t - a scarf of shadows
Jewellery
 j - a ring of protection from fire (left hand)
 o - an amulet of the acrobat (around neck)
 s - a ring of positive energy (right hand)
Scrolls
 c - 2 scrolls of fog {unknown}
 e - a scroll of enchant armour {unknown}
 f - a scroll of torment
 g - 2 scrolls of amnesia {unknown}
 m - a scroll of noise
 u - 2 scrolls of teleportation {unknown}
Potions
 d - a potion of might
 h - 4 potions of curing {unknown}
 l - a potion of attraction {unknown}
 q - a potion of magic {unknown}
 r - 2 potions of enlightenment {unknown}
 w - a potion of heal wounds {unknown}


   Skills:
 + Level 4.7 Fighting
 + Level 4.4 Long Blades
 + Level 4.2 Armour
 + Level 1.2 Dodging
 + Level 5.3 Shields


You had 4 spell levels left.
You didn't know any spells.
Your spell library contained the following spells:

 Spells                   Type           Power      Damage    Failure   Level
 Sandblast                Erth           0%         2d4       100%        1
 Passwall                 Tmut/Erth      0%         N/A       100%        2
 Sublimation of Blood     Necr           0%         N/A       100%        2
 Stone Arrow              Conj/Erth      0%         3d7       100%        3
 Petrify                  Tmut/Erth      0%         N/A       100%        4
 Irradiate                Conj/Tmut      0%         3d11      100%        5


Dungeon Overview and Level Annotations

Branches:
Dungeon (5/15)             Temple (1/1) D:5

Altars:
Ashenzari
Cheibriados
Dithmenos
Makhleb
Qazlal
Sif Muna
Trog
Uskayaw
Wu Jian


Innate Abilities, Weirdness & Mutations

You have a pair of horns on your head.
You reflexively headbutt those who attack you in melee.


Message History

You headbutt the water moccasin. You block the water moccasin's attack.
You closely miss the water moccasin.
The water moccasin is moderately wounded.
The water moccasin bites you!
You are poisoned.
The water moccasin poisons you! The water moccasin bites you.
You hit the water moccasin.
The water moccasin is moderately wounded.
You feel very sick.
You block the water moccasin's attack. x2
You closely miss the water moccasin.
The water moccasin is moderately wounded.
You feel very sick.
The water moccasin bites you but does no damage. x2
You barely miss the water moccasin.
Your headbutt misses the water moccasin.
The water moccasin is moderately wounded.
You feel sick. The water moccasin bites you.
You block the water moccasin's attack.
You barely miss the water moccasin.
Your headbutt misses the water moccasin.
The water moccasin is moderately wounded.
You feel sick. You block the water moccasin's attack.
The water moccasin bites you but does no damage.
You hit the water moccasin.
The water moccasin is moderately wounded.
You feel sick. The water moccasin barely misses you.
The water moccasin bites you but does no damage.
You barely miss the water moccasin.
The water moccasin is moderately wounded.
You feel sick. The water moccasin bites you!
* * * LOW HITPOINT WARNING * * *
The water moccasin bites you but does no damage.
You closely miss the water moccasin.
Your headbutt misses the water moccasin.
The water moccasin is moderately wounded.
You feel sick.
You are no longer poisoned.
The water moccasin bites you!
You die...

####...#####.#####............"..
..............# #.####.#.#######
#####.######### #.# #.#.#
#####.### #.# #.#.####### * #.#
##**** #.# #.#.......# * #.#
#..,,###+####.#.#####.#
****#.#***#...,#.....#..#.# #.#
,,,,...,,,+....#.###.####.# #.#
,,,,...,,*#....S@'>#.'.########.#
*****,**,*#....#.###.#...........
*****,**,*#...,#.....######.###.#
,,,,,,**,*###**###+### #.# #.#
,,,,,,,,,,,,,,,,,,,,>* #.###.#
,,,,,,**,*,,,,,,****,* #.....#
***,,,,*,*,,,,,,* *,* #######
,,+,,,,*,*,,,,,,* *,*
***,,,,*,******** *,*


You could see a water moccasin.

Vanquished Creatures
  A jelly (D:4)
  2 orc priests (D:4)
  6 adders
  3 worms
  2 dart slugs
  2 orcs (D:4)
  6 endoplasms
  5 giant cockroaches
  4 goblins
  7 hobgoblins
  4 jackals (D:3)
  6 quokkas
  3 ball pythons
  2 bats
  3 frilled lizards
  4 kobolds
  4 rats
64 creatures vanquished.

Notes
Turn   | Place    | Note
-------+----------+-------------------------------------------
     0 | D:1      | Fodor the Minotaur Fighter began the quest for the Orb.
     0 | D:1      | Reached XP level 1. HP: 19/19 MP: 0/0
   497 | D:1      | Reached XP level 2. HP: 26/27 MP: 1/1
   817 | D:1      | Reached skill level 4 in Shields
  1190 | D:2      | Reached XP level 3. HP: 31/33 MP: 2/2
  1879 | D:3      | Found an ornate altar of the Wu Jian Council.
  2032 | D:3      | Found a faded altar of an unknown god.
  2164 | D:3      | Reached XP level 4. HP: 40/40 MP: 3/3
  2253 | D:3      | Reached skill level 1 in Dodging
  2254 | D:3      | Found a burning altar of Makhleb.
  2376 | D:3      | Found a shadowy altar of Dithmenos.
  2653 | D:4      | HP: 1/40 [orc priest/divine providence (10)]
  2656 | D:4      | Reached XP level 5. HP: 2/47 MP: 4/4
  3040 | D:4      | Reached skill level 5 in Shields
  3265 | D:5      | Entered Level 5 of the Dungeon
  3403 | D:5      | Found a staircase to the Ecumenical Temple.
  3418 | Temple   | Entered the Ecumenical Temple
  3500 | D:5      | Noticed a water moccasin
  3510 | D:5      | Slain by a water moccasin

Illustrated notes

Levels and vault maps discovered:
D:1:      dpeg_arrival_round_b, layout_basic, serial_aquarium,
          aquarium_bridge_square [aquarium_subvault_bridge,
          aquarium_subvault_bridge, aquarium_subvault_bridge,
          aquarium_subvault_wall], aquarium_bridge_straight
          [aquarium_subvault_bridge, aquarium_subvault_window,
          aquarium_subvault_bridge, aquarium_subvault_wall],
          aquarium_window_fake, aquarium_window_3, aquarium_window_fake,
          aquarium_view_2e, aquarium_view_2f, aquarium_balcony_3a
D:2:      layout_loops_corners
D:3:      layout_basic, nicolae_wu_jian_wuxing_cycle,
          nicolae_dithmenos_shadow_blocks,
          mainiacjoe_overflow_concentric_impassable,
          ebering_ecumenical_altar_sacrificial
D:4:      layout_basic
D:5:      layout_basic, xom_teletrap_fun, nemelex_altar_shiori,
          nicolae_kikubaaqudgha_miasma_corner, minmay_temple_entry_glassed_door,
          uniq_edmund
Temple:   nicolae_temple_bog_church

Skill      XL: |  1  2  3  4  5 |
---------------+----------------+-----
Fighting       | 4 |  4.7
Shields        | 4 5 |  5.3
Armour         | 4 |  4.2
Long Blades    | 3 4 |  4.4
Dodging        | 1 |  1.2

Action                     |  1- 3 |  4- 6 || total
---------------------------+-------+-------++-------
  Melee: Long sword        |    93 |    72 ||   165
         Headbutt          |    12 |    18 ||    30
  Throw: Dart              |       |     1 ||     1
    Use: Scroll            |       |     4 ||     4
 Armour: Scale mail        |    36 |    27 ||    63
  Dodge: Dodged            |    33 |    17 ||    50
  Block: Buckler           |     4 |       ||     4
         Tower shield      |    65 |    59 ||   124

Table legend: (Time is in decaauts)
 A = Elapsed time spent in this place.
 B = Non-inter-level travel time spent in this place.
 C = Inter-level travel time spent in this place.
 D = Time resting spent in this place.
 E = Time spent auto-exploring this place.
 F = Levels seen in this place.
 G = Mean time per level.
                   A        B        C        D        E       F      G
               +--------+--------+--------+--------+--------+-----+--------+
         Total |   3599 |   3300 |    299 |    169 |      0 |   6 |  599.8 |
       Dungeon |   3514 |   3215 |    299 |    169 |      0 |   5 |  702.8 |
        Temple |     85 |     85 |      0 |      0 |      0 |   1 |   85.0 |
               +--------+--------+--------+--------+--------+-----+--------+

Top non-repeatable levels by time:
     D:2: 1009 daAuts
     D:1: 909 daAuts
     D:3: 765 daAuts
     D:4: 656 daAuts
     D:5: 172 daAuts
  Temple: 85 daAuts
